 Dungeon Crawl Stone Soup version 0.29.0-4-gdea44cf6ec (webtiles) character file.

Game seed: 17878667505601001787

76 qw the Chopper (level 4, -3/26 HPs)
             Began as a Tengu Warper on Aug 28, 2022.
             Slain by an orc
             ... wielding a +0 flail
              (6 damage)
             ... on level 3 of the Dungeon.
             The game lasted 00:00:12 (2268 turns).

qw the Chopper (Tengu Warper)                       Turns: 2268, Time: 00:00:12

Health: -3/26      AC:  6    Str: 13    XL:     4   Next: 32%
Magic:  8/8        EV: 11    Int: 13    God:
Gold:   25         SH:  0    Dex: 14    Spells: 7/7 levels left

rFire   . . .      SeeInvis .   Y - +1 hand axe
rCold   . . .      Faith    .   (no shield)
rNeg    . . .      Spirit   .   h - +0 ring mail
rPois   .          Reflect  .   (helmet restricted)
rElec   .          Harm     .   d - +0 cloak
rCorr   .          Rampage  .   (no gloves)
Will    .....                   (boots unavailable)
Stlth   +.........              e - amulet of regeneration
HPRegen 0.88/turn               (no ring)
MPRegen 0.11/turn               (no ring)

@: no status effects
A: beak, talons 3
a: no special abilities


You were on level 3 of the Dungeon.
You visited 1 branch of the dungeon, and saw 3 of its levels.

You collected 44 gold pieces.
You spent 19 gold pieces at shops.


Innate Abilities, Weirdness & Mutations

You have a beak for a mouth.
You have claws for feet.


   Skills:
 - Level 2.0 Fighting
 + Level 4.9 Axes
 - Level 1.0 Throwing
 - Level 1.1 Armour
 - Level 2.1 Dodging
 - Level 2.0 Spellcasting
 - Level 2.4 Translocations


You had 7 spell levels left.
You didn't know any spells.
Your spell library contained the following spells:

 Spells                   Type           Power      Damage    Failure   Level
 Blink                    Tloc           14%        N/A       30%         2
 Gell's Gravitas          Tloc           7%         N/A       52%         3
 Lesser Beckoning         Tloc           7%         N/A       52%         3
 Teleport Other           Tloc           7%         N/A       52%         3
 Manifold Assault         Tloc           7%         N/A       99%         5

Inventory:

Hand Weapons
 f - a +0 whip
 Y - a +1 hand axe (weapon)
Armour
 d - a +0 cloak (worn)
 h - a +0 ring mail (worn)
Jewellery
 b - a ring of ice
 e - an amulet of regeneration (around neck)
Scrolls
 c - a scroll of vulnerability {unknown}
Potions
 a - a potion of attraction {unknown}
 g - a potion of heal wounds {unknown}
 i - a potion of might {unknown}
 j - a potion of degeneration {unknown}
 k - a potion of curing {unknown}

Dungeon Overview and Level Annotations

Branches:
Dungeon (3/15)

Altars:

Shops:
D:1 *![[


Message History

The puff of flame hits you.
You closely miss the orc wizard.
You peck the orc wizard, but do no damage.
You miss the orc wizard.
You claw the orc wizard, but do no damage.
You peck the orc wizard, but do no damage.
You hit the orc. You barely miss the orc. The orc barely misses you.
The orc wizard hits you but does no damage.
You barely miss the orc.
The orc is lightly wounded.
You hit the orc wizard. You barely miss the orc wizard.
The orc hits you but does no damage.
The orc wizard points at you and mumbles some strange words.
The puff of flame hits you!
You barely miss the orc wizard. Your kick misses the orc wizard.
The orc wizard is lightly wounded.
You barely miss the orc.
You hit the orc wizard but do no damage.
The orc hits you but does no damage.
The orc wizard hits you with a +0 dagger of freezing.
The orc wizard freezes you. The orc wizard closely misses you.
You barely miss the orc wizard.
The orc wizard is lightly wounded.
You hit the orc wizard but do no damage.
You hit the orc. You hit the orc but do no damage. The orc closely misses you.
The orc wizard hits you but does no damage.
The orc wizard closely misses you. The orc misses you.
You hit the orc wizard. Your kick misses the orc wizard.
The orc wizard is moderately wounded.
You hit the orc wizard but do no damage.
You hit the orc. You hit the orc but do no damage.
The orc hits you with a +0 hand axe.
The orc wizard gestures at you while chanting.
The magic dart hits you.
An orc comes into view. It is wielding a +0 club.
The orc wizard hits you with a +0 dagger.
The orc hits you with a +0 flail.
You die...

##### o#
......#####.####
#...............#
#...............#
#................
+...............#
##........oo.....+
..........@o.....#
.....##....o......
>...........###'#.
##.###.##...## ##+
#.###...#.#
.....#.........#
..........#.#.###
......###.#.#.#
...... #.#.# .


You could see 2 orc wizards and 3 orcs.

Vanquished Creatures
  4 adders
  2 worms (D:2)
  An orc (D:3)
  3 ball pythons (D:1)
  2 endoplasms
  4 giant cockroaches
  2 hobgoblins
  2 jackals (D:1)
  5 kobolds
  2 quokkas (D:1)
  A bat (D:1)
  2 frilled lizards (D:2)
  2 goblins
  3 rats
35 creatures vanquished.

Notes
Turn   | Place    | Note
-------+----------+-------------------------------------------
     0 | D:1      | qw the Tengu Warper began the quest for the Orb.
     0 | D:1      | Reached XP level 1. HP: 12/12 MP: 4/4
     0 | D:1      | 0 ||| qw: Version: 0.1-a-89-g26bdef1
     0 | D:1      | 0 ||| qw: Game counter: 1205
     0 | D:1      | 0 ||| qw: Always use a shield: true
     0 | D:1      | 0 ||| qw: God list: Okawaru
     0 | D:1      | 0 ||| qw: Allow faded altars: false
     0 | D:1      | 0 ||| qw: Do Orc after D:15 true
     0 | D:1      | 0 ||| qw: Do second Lair branch before Depths: true
     0 | D:1      | 0 ||| qw: Lair rune preference: random
     0 | D:1      | 0 ||| qw: Plans: Normal
     0 | D:1      | 0 ||| PLANNING D:1-11
    74 | D:1      | 74 ||| Stepping ~*~*~tactically~*~*~ (stealth).
    98 | D:1      | 98 ||| Stepping ~*~*~tactically~*~*~ (stealth).
   100 | D:1      | 100 ||| Stepping ~*~*~tactically~*~*~ (stealth).
   195 | D:1      | Reached skill level 3 in Axes
   195 | D:1      | Reached XP level 2. HP: 17/17 MP: 6/6
   382 | D:1      | Found Virphih's Distillery.
   423 | D:1      | 423 ||| SHOPLISTING potion of cancellation (88 gold, have
                  | 15).
   423 | D:1      | 423 ||| SHOPLISTING potion of curing (33 gold, have 15).
   423 | D:1      | 423 ||| SHOPLISTING potion of haste (110 gold, have 15).
   423 | D:1      | 423 ||| SHOPLISTING potion of heal wounds (55 gold, have
                  | 15).
   423 | D:1      | 423 ||| SHOPLISTING potion of resistance (110 gold, have
                  | 15).
   469 | D:1      | Found Qioranute's Antique Armour Shop.
   498 | D:1      | 498 ||| SHOPLISTING pair of gloves (117 gold, have 15).
   498 | D:1      | 498 ||| SHOPLISTING plate armour (598 gold, have 15).
   498 | D:1      | 498 ||| SHOPLISTING ring mail (104 gold, have 15).
   498 | D:1      | 498 ||| SHOPLISTING runed robe (96 gold, have 15).
   688 | D:1      | Found Wyepuxoj's Armour Shop.
   697 | D:1      | 697 ||| SHOPLISTING +0 pair of gloves (45 gold, have 22).
   739 | D:1      | Found Fenash's Assorted Antiques.
   752 | D:1      | 752 ||| SHOPLISTING chain mail (99 gold, have 22).
   752 | D:1      | 752 ||| BUYING golden potion (19 gold).
   752 | D:1      | Bought a golden potion for 19 gold pieces
   752 | D:1      | 752 ||| SHOPLISTING green potion (19 gold, have 3).
   752 | D:1      | 752 ||| SHOPLISTING sapphire potion (19 gold, have 3).
   752 | D:1      | 752 ||| SHOPLISTING scroll labelled IGESOE BIGAEC (22 gold,
                  | have 3).
   752 | D:1      | 752 ||| SHOPLISTING shiny steel ring (110 gold, have 3).
   752 | D:1      | 752 ||| SHOPLISTING steaming leather armour (154 gold, have
                  | 3).
   937 | D:1      | 937 ||| Stepping ~*~*~tactically~*~*~ (stealth).
   939 | D:1      | 939 ||| Stepping ~*~*~tactically~*~*~ (stealth).
  1307 | D:1      | 1307 ||| UPGRADING to +0 cloak.
  1312 | D:1      | 1312 ||| UPGRADING to +0 ring mail.
  1322 | D:1      | 1322 ||| DROPPING +0 leather armour.
  1323 | D:1      | 1323 ||| UPGRADING to amulet of regeneration.
  1328 | D:1      | 1328 ||| READING scroll labelled MEHUGI UL VOOM.
  1329 | D:1      | 1329 ||| READING scroll labelled MUQOGGESKO.
  1330 | D:1      | 1330 ||| DROPPING scroll of blinking.
  1371 | D:2      | Reached XP level 3. HP: 21/21 MP: 7/7
  1372 | D:2      | Found a faded altar of an unknown god.
  1376 | D:2      | Identified the +0 leather armour of Defiance {Int+3}
  1447 | D:2      | Reached skill level 4 in Axes
  2081 | D:2      | 2081 ||| DROPPING +0 leather armour of Defiance {Int+3}.
  2082 | D:2      | 2082 ||| READING scroll labelled HEMILO ICRUFF.
  2083 | D:2      | 2083 ||| Stepping randomly (stuck).
  2084 | D:2      | 2084 ||| Stepping ~*~*~tactically~*~*~ (cloud).
  2090 | D:2      | HP: 5/21 [poisoned by you (poison gas)]
  2182 | D:3      | Reached XP level 4. HP: 21/26 MP: 8/8
  2268 | D:3      | HP: 4/26 [orc wizard/magic dart (4)]
  2268 | D:3      | Slain by an orc

Levels and vault maps discovered:
D:1:      co_arrival_random_square_maze, layout_basic, serial_shops,
          nicolae_shop_overgrown_old_shop, nicolae_shop_hallway_plus,
          shop_fountains, nicolae_diamond_shop, serial_bayou_pond_b,
          roderic_serpentine_path
D:2:      layout_basic, shapermc_ecumenical_altar_mp_ritualfount
D:3:      layout_basic

Skill      XL: |  1  2  3 |
---------------+----------+-----
Axes           | 3 4 |  4.9
Fighting       | |  2.0
Throwing       | |  1.0
Armour         | |  1.1
Dodging        | |  2.1
Spellcasting   | |  2.0
Translocations | |  2.4

Action                   |  1- 3 |  4- 6 || total
-------------------------+-------+-------++-------
Melee: Hand axe          |    82 |    18 ||   100
       Kick              |    19 |     5 ||    24
       Peck              |     9 |     2 ||    11
       Punch             |     1 |       ||     1
Throw: Boomerang         |     7 |       ||     7
  Use: Scroll            |     3 |       ||     3
Armor: Leather armour    |    13 |       ||    13
       Ring mail         |    10 |     8 ||    18
Dodge: Dodged            |    34 |    11 ||    45

Table legend:
 A = Non-vault XP
 B = Vault XP
 C = Vault XP percentage of total XP
 D = Non-vault monster count
 E = Vault monster count
 F = Vault count percentage of total count
                 A         B        C        D         E       F
            +---------+---------+-------+---------+---------+-------
      Total |     105 |       4 |   3.7 |      32 |       3 |   8.6
            +---------+---------+-------+---------+---------+-------
        D:1 |      25 |       4 |  13.8 |      16 |       3 |  15.8
        D:2 |      44 |       0 |   0.0 |       9 |       0 |   0.0
        D:3 |      36 |       0 |   0.0 |       7 |       0 |   0.0
            +---------+---------+-------+---------+---------+-------
